 Dungeon Crawl Stone Soup version 0.22-a0-558-gc224181 (webtiles) character file.

178 pk666 the Magician (level 5, 0/42 HPs)
             Began as a Deep Elf Wizard on June 26, 2018.
             Succumbed to a worker ant's poison
             ... on level 3 of the Dungeon.
             The game lasted 00:05:41 (3232 turns).

pk666 the Magician (Deep Elf Wizard)                Turns: 3232, Time: 00:05:41

Health: 0/42       AC: 22    Str:  4    XL:     5   Next: 32%
Magic:  2/15       EV:  2    Int: 24    God:
Gold:   101        SH:  0    Dex: 13    Spells: 7/16 levels left

rFire    . . .     SeeInvis .   c - +0 dagger
rCold    . . .     Gourm    .   (no shield)
rNeg     + + +     Faith    .   (armour currently unavailable)
rPois    +         Spirit   .   (helmet currently unavailable)
rElec    .         Reflect  .   (cloak currently unavailable)
rCorr    +         Harm     .   (gloves currently unavailable)
MR       .....     NoTele   +   (boots currently unavailable)
Stlth    ++........             (no amulet)
HPRegen  0.14/turn              j - ring of resist corrosion
MPRegen  0.14/turn              (no ring)

@: lethally poisoned (0 -> -6), tree-form
A: no striking features
a: no special abilities


You were on level 3 of the Dungeon.
You were hungry.
You were a tree.
You visited 1 branch of the dungeon, and saw 4 of its levels.

You collected 101 gold pieces.

Inventory:

Hand Weapons
 c - a +0 dagger (weapon)
Armour
 a - a +0 robe (melded)
 b - a +0 hat (melded)
Jewellery
 j - a ring of resist corrosion (left branch)
 o - an uncursed ring of fire
Scrolls
 e - 2 scrolls of remove curse
 f - a scroll of blinking {unknown}
Potions
 g - a potion of degeneration {unknown}
 h - a potion of invisibility {unknown}
 k - a potion of resistance {unknown}
 m - a potion of haste {unknown}
Comestibles
 d - 8 rations


   Skills:
 - Level 2.4 Dodging
 - Level 2.4 Stealth
 + Level 6.2 Spellcasting
 + Level 3.5 Conjurations
   Level 1.1 Summonings
 - Level 1.1 Translocations
 + Level 2.4 Fire Magic


You had 7 spell levels left.
You knew the following spells:

 Your Spells              Type           Power        Failure   Level  Hunger
a - Magic Dart            Conj           ###.         1%          1    None
b - Blink                 Tloc           N/A          8%          2    None
c - Conjure Flame         Conj/Fire      ###.....     7%          3    #......
d - Mephitic Cloud        Conj/Pois/Air  ##......     14%         3    #......

Your spell library contained the following spells:

 Spells                   Type           Power        Failure   Level  Hunger
 Slow                     Hex            #.......     12%         2    None
 Call Imp                 Summ           ##......     8%          2    None


Dungeon Overview and Level Annotations

Branches:
Dungeon (4/15)
 Temple: D:4-7

Altars:
Fedhas
Gozag
Qazlal

Annotations:
D:4 Edmund


Message History

Aim: a worker ant (severely wounded)
The magic dart hits the worker ant.
The worker ant is severely wounded.
The worker ant bites you.
* * * LOW HITPOINT WARNING * * *
The worker ant barely misses you.
You barely miss the worker ant.
The worker ant is severely wounded.
The worker ant misses you.
You closely miss the worker ant.
The worker ant is severely wounded.
The worker ant bites you.
* * * LOW HITPOINT WARNING * * *
You are lethally poisoned!
The worker ant poisons you!
Okay, then.
It was a potion of lignification.
You turn into a tree.
Your +0 hat melds into your body.
Your +0 robe melds into your body.
Your roots penetrate the ground.
You die...

# ##.##.####.#.#.##
####.#.#.####.##.##
..#.###....(...#.#
#.##.#.#.####=.#.#
#........# #..#.#
###..##### #).#.#
..#..# #..#.#
###..# #..#.#
≈≈≈.## ###..#♣#
###.## ####....#a#
..#..###....#.##.#
###..##.......##.#
#............###.#
#...#.........##.#
...##.........##.#
##.##.........##.#
#)##...†....###.#


You could see a worker ant.

Vanquished Creatures
  A vampire bat (D:3)
  A hound (D:4)
  3 adders
  3 worms
  A dart slug (D:2)
  A leopard gecko (D:2)
  An orc (D:4)
  5 giant cockroaches
  7 goblins
  7 hobgoblins
  3 jackals (D:2)
  5 kobolds
  A quokka (D:3)
  14 bats
  5 frilled lizards
  9 rats
67 creatures vanquished.

Notes
Turn   | Place    | Note
-------+----------+-------------------------------------------
     0 | D:1      | pk666 the Deep Elf Wizard began the quest for the Orb.
     0 | D:1      | Reached XP level 1. HP: 10/10 MP: 7/7
   254 | D:1      | Reached XP level 2. HP: 15/15 MP: 4/9
  1050 | D:2      | Reached skill level 5 in Spellcasting
  1254 | D:2      | Reached XP level 3. HP: 19/19 MP: 9/11
  1258 | D:2      | Learned a level 2 spell: Blink
  1262 | D:2      | Learned a level 3 spell: Conjure Flame
  1266 | D:2      | Learned a level 3 spell: Mephitic Cloud
  1707 | D:2      | Found a stormy altar of Qazlal.
  1720 | D:2      | Found a blossoming altar of Fedhas.
  2039 | D:3      | Reached skill level 1 in Fire Magic
  2206 | D:3      | Reached XP level 4. HP: 23/24 MP: 5/13
  2420 | D:3      | Found an opulent altar of Gozag.
  2614 | D:3      | Reached skill level 6 in Spellcasting
  2718 | D:3      | Reached XP level 5. HP: 28/28 MP: 11/15
  2959 | D:4      | Noticed Edmund
  3231 | D:3      | HP: 1/28 [worker ant (2)]
  3232 | D:3      | Succumbed to a worker ant's poison

Vault maps used:
D:1:      minmay_arrival_checkered_box
D:2:      grunt_temple_overflow_forces_of_nature, kennysheep_generic_room_3
D:3:      grunt_gozag_statues, grunt_decor_cap, roderic_batcave
D:4:      minmay_bisected, uniq_edmund, uniq_blork_the_orc

Skill      XL: |  1  2  3  4 |
---------------+-------------+-----
Conjurations   | 2 3 |  3.5
Spellcasting   | 5 6 |  6.2
Fire Magic     | 1 2 |  2.4
Dodging        | |  2.4
Stealth        | |  2.4
Summonings     | |  1.1
Translocations | |  1.1

Action                   |  1- 3 |  4- 6 || total
-------------------------+-------+-------++-------
Melee: Dagger            |    11 |     2 ||    13
 Cast: Magic Dart        |   117 |    77 ||   194
       Conjure Flame     |       |     2 ||     2
  Use: Scroll            |     4 |       ||     4
       Potion            |       |     3 ||     3
  Eat: Chunk             |     4 |     2 ||     6
Armor: Robe              |     7 |     4 ||    11
Dodge: Dodged            |    22 |    18 ||    40

Table legend:
 A = Spawn XP
 B = Non-spawn XP
 C = Spawn XP percentage of total XP
 D = Spawn monster count
 E = Non-spawn monster count
 F = Spawn count percentage of total count
 G = Total turns spent on level
                    A         B        C        D         E        F      G
               +---------+---------+-------+---------+---------+-------+---------
         Total |       0 |     255 |   0.0 |       0 |      67 |   0.0 |  3232
               +---------+---------+-------+---------+---------+-------+---------
           D:1 |       0 |      16 |   0.0 |       0 |      10 |   0.0 |  1156
           D:2 |       0 |      61 |   0.0 |       0 |      24 |   0.0 |   862
           D:3 |       0 |     130 |   0.0 |       0 |      31 |   0.0 |  1142
           D:4 |       0 |      48 |   0.0 |       0 |       2 |   0.0 |    72
               +---------+---------+-------+---------+---------+-------+---------
